AoeStats
← limetree1978

Black Forest

509182202Analyzed
2v2 RM · 6d ago on Sep 25, 2026· 103m 23s· 4 players
Game mode
Random Map
Map size
Medium (4 player)
Population
200
Speed
Normal
Resources
Standard
Victory
Conquest
Starting age
Dark Age
Ending age
Imperial Age
RankedLock teamsTeams togetherTeam positionsShared explorationLock speedFull tech treeHidden civsTurbo modeCheats
Victory
Defeat
🇨🇿 Bohemians · Czechia
559
+15
🇨🇿 Britons · Czechia
544
+15
🇺🇸 Spanish · United States
569
-17
🇩🇰 Persians · Denmark
492
-13
DannyW
1:30 Loom
13:54 Feudal Age
14:50 Horse Collar
15:00 Double-Bit Axe
20:29 Wheelbarrow
28:36 Castle Age
29:41 Hand Cart
29:48 Bow Saw
29:57 Heavy Plow
37:28 Squires
36:49 Pikeman
39:50 Wagenburg Tactics
41:18 Fortified Wall
43:30 Murder Holes
43:46 Masonry
47:31 Forging
47:21 Scale Mail Armor
47:27 Scale Barding Armor
47:12 Fletching
47:22 Padded Archer Armor
48:24 Ballistics
49:04 Chemistry
47:56 Guard Tower
48:19 Arson
48:32 Elite Skirmisher
53:05 Imperial Age
54:12 Conscription
54:32 Architecture
53:49 Arrowslits
54:25 Bombard Tower
57:40 Two-Man Saw
57:20 Caravan
59:22 Crossbowman
65:46 Siege Engineers
66:19 Iron Casting
65:59 Chain Mail Armor
66:05 Chain Barding Armor
65:40 Bodkin Arrow
66:00 Leather Archer Armor
65:40 Elite Hussite Wagon
67:11 Arbalester
68:19 Halberdier
68:20 Man-at-Arms
74:09 Onager
80:00 Blast Furnace
79:31 Plate Mail Armor
100:59 Houfnice
Jeník
0:33 Loom
16:42 Feudal Age
18:11 Wheelbarrow
17:20 Horse Collar
17:29 Double-Bit Axe
17:43 Gold Mining
21:09 Stone Mining
24:35 Castle Age
25:38 Hand Cart
25:40 Bow Saw
25:34 Heavy Plow
27:25 Gold Shaft Mining
29:52 Treadmill Crane
30:23 Fortified Wall
35:58 Murder Holes
36:14 Masonry
36:18 Siphons
37:50 Forging
37:40 Scale Mail Armor
38:05 Ballistics
37:30 Man-at-Arms
37:31 Pikeman
38:12 Squires
38:01 Gambesons
41:02 Imperial Age
38:18 Town Watch
39:47 Chain Mail Armor
40:09 Iron Casting
39:35 Padded Archer Armor
39:26 Fletching
42:51 Two-Man Saw
42:25 Architecture
42:23 Conscription
41:26 Elite Longbowman
42:29 Yeomen
42:45 Hoardings
43:16 Chemistry
42:50 Plate Mail Armor
43:22 Blast Furnace
43:37 Bodkin Arrow
43:58 Leather Archer Armor
43:55 Caravan
44:26 Coinage
44:07 Guilds
44:28 Warwolf
43:53 Halberdier
43:54 Long Swordsman
44:45 Town Patrol
45:28 Two-Handed Swordsman
47:05 Banking
48:59 Bracer
49:30 Ring Archer Armor
51:12 Champion
MultiFrugtJuice
16:11 Feudal Age
19:36 Wheelbarrow
19:27 Horse Collar
22:30 Castle Age
22:00 Double-Bit Axe
27:05 Hand Cart
27:18 Bow Saw
28:12 Gold Mining
29:01 Stone Mining
29:51 Gold Shaft Mining
31:02 Heavy Plow
33:26 Stone Shaft Mining
36:16 Imperial Age
36:00 Elite War Elephant
38:34 Two-Man Saw
38:48 Crop Rotation
38:52 Scale Barding Armor
38:48 Scale Mail Armor
40:43 Forging
40:49 Chain Mail Armor
40:35 Padded Archer Armor
40:25 Fletching
42:15 Chain Barding Armor
42:31 Iron Casting
42:11 Bloodlines
42:04 Husbandry
41:30 Light Cavalry
42:38 Parthian Tactics
42:21 Thumb Ring
41:42 Crossbowman
42:10 Arson
42:13 Gambesons
42:31 Squires
47:18 Conscription
47:35 Hoardings
46:30 Sappers
47:11 Citadels
47:02 Kamandaran
51:33 Blast Furnace
51:09 Plate Barding Armor
51:05 Plate Mail Armor
50:50 Leather Archer Armor
50:31 Bodkin Arrow
51:41 Chemistry
50:33 Guard Tower
50:38 Murder Holes
50:55 Masonry
50:35 Heated Shot
51:06 Ballistics
50:30 Man-at-Arms
50:34 Cavalier
51:13 Long Swordsman
54:24 Guilds
54:58 Architecture
55:23 Capped Ram
57:20 Savar
61:00 Hussar
66:05 Siege Ram
87:11 Heavy Scorpion
limetree1978
13:42 Feudal Age
14:12 Horse Collar
14:56 Double-Bit Axe
23:38 Castle Age
22:30 Stone Mining
24:28 Heavy Plow
25:10 Gold Mining
32:41 Imperial Age
31:42 Wheelbarrow
31:17 Husbandry
32:21 Fervor
32:35 Town Watch
34:23 Padded Archer Armor
34:13 Loom
35:50 Stone Shaft Mining
35:26 Pikeman
36:35 Hand Cart
36:36 Scale Mail Armor
37:52 Hoardings
38:22 Chemistry
37:53 Bow Saw
39:39 Fortified Wall
40:04 Supremacy
39:48 Inquisition
41:01 Arrowslits
41:52 Coinage
41:03 Light Cavalry
42:06 Bloodlines
42:08 Scale Barding Armor
42:29 Squires
42:15 Arson
42:53 Conscription
43:35 Forging
43:49 Ballistics
43:36 Cavalier
44:09 Fletching
46:29 Halberdier
48:04 Chain Barding Armor
48:00 Chain Mail Armor
47:19 Capped Ram
47:41 Man-at-Arms
48:06 Gambesons
48:36 Masonry
47:59 Hussar
51:01 Plate Barding Armor
50:57 Plate Mail Armor
50:43 Leather Archer Armor
50:25 Bodkin Arrow
51:06 Iron Casting
52:11 Town Patrol
53:51 Banking
54:43 Ring Archer Armor
54:38 Long Swordsman
58:29 Blast Furnace
57:30 Bracer
57:18 Siege Ram
57:48 Two-Handed Swordsman
63:27 Guard Tower
77:17 Keep
78:04 Murder Holes
78:40 Architecture
Connection lost

Rejoining the realm…

Still unreachable

The connection could not be restored.

Session expired

The server has moved on; the page needs a fresh start.